 Dungeon Crawl Stone Soup version 0.22-a0-445-g8c8ef71 (webtiles) character file.

33 wazuzu the Magician (level 3, -1/24 HPs)
             Began as a Mummy Wizard on June 2, 2018.
             Slain by Crazy Yiuf
             ... wielding a +4 quarterstaff of chaos
              (6 damage)
             ... on level 2 of the Dungeon.
             The game lasted 00:03:28 (2859 turns).

wazuzu the Magician (Mummy Wizard)                  Turns: 2859, Time: 00:03:29

Health: -1/24      AC:  3    Str: 10    XL:     3   Next: 12%
Magic:  2/9        EV: 12    Int: 18    God:
Gold:   117        SH:  0    Dex: 10    Spells: 11/12 levels left

rFire    x . .     SeeInvis .   c - +0 dagger
rCold    + . .     Gourm    .   (no shield)
rNeg     + + +     Faith    .   a - +0 robe
rPois    ∞         Spirit   .   b - +0 hat
rElec    .         Reflect  .   (no cloak)
rCorr    .         Harm     .   (no gloves)
MR       .....                  h - +0 pair of boots
Stlth    ++........             (no amulet)
HPRegen  0.08/turn              (no ring)
MPRegen  0.11/turn              (no ring)

@: no status effects
A: no food or potions, fire vulnerability, cold resistance 1, negative energy
resistance 3, torment resistance, unbreathing
a: no special abilities


You were on level 2 of the Dungeon.
You were not hungry.

You visited 1 branch of the dungeon, and saw 2 of its levels.

You collected 117 gold pieces.

Inventory:

Hand Weapons
 c - a +0 dagger (weapon)
Armour
 a - a +0 robe (worn)
 b - a +0 hat (worn)
 h - a +0 pair of boots (worn)
Jewellery
 k - an uncursed ring of poison resistance {unknown}
Scrolls
 d - 2 scrolls of enchant weapon {unknown}
 e - 2 scrolls of enchant armour {unknown}
 f - a scroll of random uselessness {unknown}
 g - a scroll of amnesia {unknown}
 i - a scroll of identify {unknown}
 j - 3 scrolls of immolation {unknown}


   Skills:
 - Level 1.5 Dodging
 - Level 1.5 Stealth
 - Level 5.2 Spellcasting
 * Level 1.2 Conjurations
   Level 0.7 Summonings
   Level 0.7 Translocations


You had 11 spell levels left.
You knew the following spells:

 Your Spells              Type           Power        Failure   Level  Hunger
a - Magic Dart            Conj           #...         8%          1    N/A

Your spell library contained the following spells:

 Spells                   Type           Power        Failure   Level  Hunger
 Conjure Flame            Conj/Fire      #.......     30%         3    N/A
 Slow                     Hex            #.......     21%         2    N/A
 Mephitic Cloud           Conj/Pois/Air  #.......     32%         3    N/A
 Blink                    Tloc           N/A          14%         2    N/A
 Call Imp                 Summ           #.......     14%         2    N/A

Dungeon Overview and Level Annotations

Branches:
Dungeon (2/15)

Altars:
Cheibriados

Annotations:
D:2 Crazy Yiuf


Innate Abilities, Weirdness & Mutations

You do not eat or drink.
Your flesh is vulnerable to fire.
You are immune to poison.
Your flesh is cold resistant. (rC+)
You are immune to negative energy. (rN+++)
You are immune to unholy pain and torment.
You can survive without breathing.


Message History

Crazy Yiuf burns you.
Casting: Magic Dart (safe; 8% risk of failure)
Confirm with . or Enter, or press ? or * to list all spells.
Aiming: Magic Dart (safe; 8% risk of failure)
Press: ? - help, Shift-Dir - straight line, f/p - Crazy Yiuf
Aim: Crazy Yiuf, wielding a quarterstaff of chaos and wearing a runed cloak (lightly wounded)
The magic dart hits Crazy Yiuf.
Crazy Yiuf is lightly wounded.
Crazy Yiuf hits you with a quarterstaff of chaos.
Casting: Magic Dart (safe; 8% risk of failure)
Confirm with . or Enter, or press ? or * to list all spells.
Aiming: Magic Dart (safe; 8% risk of failure)
Press: ? - help, Shift-Dir - straight line, f/p - Crazy Yiuf
Aim: Crazy Yiuf, wielding a quarterstaff of chaos and wearing a runed cloak (lightly wounded)
The magic dart hits Crazy Yiuf.
Crazy Yiuf is lightly wounded.
Crazy Yiuf hits you with a quarterstaff of chaos!
* * * LOW HITPOINT WARNING * * *
Crazy Yiuf burns you.
You die...

###.#.#
#..........# #.#
....#.#
##....%..#.# #.#
#####.#
#......##.# #.#
#.#
###############.#
#.# #....# #.#
#.#### #.# ###
♣####.# #.###
#)..#♣♣ ♣♣♣.#.#.#
#.#.##
#...g@♣♣♣♣.......#
#....#
#...#♣..♣........#
##....# ###
♣♣♣.♣...###.#
#.....# ♣♣♣♣♣##
#.# ##....# #.#
#....# #### #.#
#.#.## #..# #.#
#.#.# #..# #.# #
#.#.# #..# #.#


You could see Crazy Yiuf.

Vanquished Creatures
  A worm (D:2)
  3 giant cockroaches
  6 goblins
  3 hobgoblins
  A quokka (D:2)
  5 bats (D:2)
  A frilled lizard (D:1)
  5 kobolds
  3 rats
28 creatures vanquished.

Notes
Turn   | Place    | Note
-------+----------+-------------------------------------------
     0 | D:1      | wazuzu the Mummy Wizard began the quest for the Orb.
     0 | D:1      | Reached XP level 1. HP: 13/13 MP: 5/5
   650 | D:1      | Reached XP level 2. HP: 19/19 MP: 4/7
  1436 | D:2      | Reached skill level 5 in Spellcasting
  1677 | D:2      | Found a snail-covered altar of Cheibriados.
  2132 | D:2      | Found a runed door.
  2389 | D:2      | Reached skill level 1 in Conjurations
  2447 | D:2      | Reached XP level 3. HP: 15/24 MP: 0/9
  2852 | D:2      | Noticed Crazy Yiuf
  2859 | D:2      | Slain by Crazy Yiuf

Vault maps used:
D:1:      kilobyte_arrival_exit_the_forest, minivault_19, minmay_misc_feat_five,
          serial_park_tiny_pond
D:2:      old_standard_altar, uniq_crazy_yiuf_cottage

Skill      XL: |  1  2 |
---------------+-------+-----
Spellcasting   | 5 |  5.2
Conjurations   | 1 |  1.2
Dodging        | |  1.5
Stealth        | |  1.5
Summonings     | |  0.7
Translocations | |  0.7

Action                   || total
-------------------------++-------
Melee: Unarmed           ||     5
       Hand axe          ||     1
       Dagger            ||    29
 Cast: Magic Dart        ||    99
Armor: Robe              ||     6
Dodge: Dodged            ||    25

Table legend:
 A = Spawn XP
 B = Non-spawn XP
 C = Spawn XP percentage of total XP
 D = Spawn monster count
 E = Non-spawn monster count
 F = Spawn count percentage of total count
 G = Total turns spent on level
                    A         B        C        D         E        F      G
               +---------+---------+-------+---------+---------+-------+---------
         Total |       0 |      48 |   0.0 |       0 |      28 |   0.0 |  2859
               +---------+---------+-------+---------+---------+-------+---------
           D:1 |       0 |      20 |   0.0 |       0 |      12 |   0.0 |  1513
           D:2 |       0 |      28 |   0.0 |       0 |      16 |   0.0 |  1346
               +---------+---------+-------+---------+---------+-------+---------
